Unix NetHack Version 5.0.0-0 post-release - last build Jul 14 2026 02:55:29 (1809b74e8187c3a3585e283601c3028b46cbbdcb,branch:main).

Game began 2026-07-16 17:21:12, ended 2026-07-16 20:24:31.

Barrb, neutral female human Barbarian

                      ----
                      |..|
                    ---./--
                    |)....-
                   --d.....
           ---     |.@.......
          --.-------h.o.--.G
          |................
          |.....-----------
          ---....|
            -....---
           |......... ..
           |.......- -..-
       -----.......| |.<|
      --.--........---.--
      |........|.......-
      |........|...[*...|
      ----..............
         ----.........-
            --.-------
             ---
Barrb the Bandit           St:18/01 Dx:17 Co:18 In:7 Wi:7 Ch:6  Neutral
Dlvl:9  $:844 HP:0(72) Pw:18(18) AC:1  Xp:8 T:7797  Burdened

Latest messages:
 The wand hits you!
 Idefix bites the snake.
 The snake is killed!
 You smite the gnome lord!
 You kill the gnome lord!
 You hear a nearby zap.
 The wand misses you.
 You have a little trouble lifting y - 2 slime molds.
 The gnome king zaps an aluminum wand!
 The wand misses you.
 Idefix eats a gnome lord corpse.
 The gnome king zaps an aluminum wand!
 The wand hits you!
 You smite the gnome king!
 The gnome king hits!
 You kill the gnome king!
 You see here a wand of striking.
 You have a little trouble lifting A - a wand of striking.
 You see here an aklys.
 Idefix bites the Grey-elf.
 The Grey-elf wields an elven broadsword!
 Idefix bites the Grey-elf.
 The Grey-elf swings his elven broadsword at Idefix.
 The Grey-elf misses Idefix.
 What do you want to zap? [rAJMS or ?*] r
 A lit field surrounds you!
 What do you want to zap? [rAJMS or ?*] A
 Nothing happens.
 The Grey-elf picks up an aklys.
 The Grey-elf picks up a red gem.
 What do you want to drop? [$a-zA-CE-GI-KMPRSWXZ or ?*] A
 You drop a wand of striking.
 The Grey-elf wields an aklys!
 The Grey-elf secures the tether on the aklys.
 The Grey-elf wields an elven broadsword!
 You smite the Grey-elf!
 The Grey-elf swings his elven broadsword.
 The Grey-elf hits!
 You smite the Grey-elf!
 The Grey-elf swings his elven broadsword.
 The Grey-elf hits!
 Idefix misses the Grey-elf.
 You miss the Grey-elf.
 The Grey-elf swings his elven broadsword.
 The Grey-elf hits!
 Idefix misses the Grey-elf.
 The Grey-elf swings his elven broadsword.
 The Grey-elf hits!
 You die...
 Do you want your possessions identified? [ynq] (y) q

Inventory:
 Coins    ('$')
  $ - 844 gold pieces
 Amulets  ('"')
  i - an uncursed amulet of reflection (being worn)
 Weapons  (')')
  j - 9 +2 ya
  I - 20 +0 darts (at the ready)
  v - 3 cursed -1 darts
  b - a +0 axe
  a - a +0 two-handed sword (weapon in hands)
 Armor    ('[')
  g - an uncursed +0 helmet (being worn)
  e - an uncursed +0 pair of leather gloves (being worn)
  z - an uncursed +0 pair of iron shoes (being worn)
  R - an uncursed burnt +0 cloak of protection
  s - a blessed +2 elven cloak (being worn)
  c - an uncursed rusty +0 ring mail (being worn)
 Comestibles  ('%')
  y - 2 uncursed slime molds
  d - 5 uncursed food rations
  f - a cursed tripe ration
  l - 2 uncursed tins of spinach
 Scrolls  ('?')
  F - an uncursed scroll of amnesia
  G - an uncursed scroll of blank paper
  W - a blessed scroll of destroy armor
  E - an uncursed scroll of destroy armor
  o - a blessed scroll of earth
  m - an uncursed scroll of enchant armor
  n - an uncursed scroll of enchant weapon
  q - 2 uncursed scrolls of light
  u - an uncursed scroll of teleportation
 Potions  ('!')
  p - an uncursed potion of object detection
 Rings    ('=')
  t - an uncursed ring of invisibility (on right hand)
  w - an uncursed ring of searching
 Wands    ('/')
  M - a wand of digging (0:7)
  J - a wand of digging (0:3)
  r - a wand of light (0:10)
  S - a wand of magic missile (0:4)
 Tools    ('(')
  x - a bag of tricks (0:20)
  P - an uncursed oil lamp (lit)
  B - a +0 pick-axe
  Z - an uncursed skeleton key
  C - 2 uncursed partly used tallow candles
  k - an uncursed towel
  X - an uncursed partly used wax candle
 Gems/Stones  ('*')
  h - 2 uncursed worthless pieces of black glass
  K - an uncursed worthless piece of yellowish brown glass

Barrb the Barbarian's attributes:

Background:
 You were a Bandit, a level 8 female human Barbarian.
 You were neutral, on a mission for Crom
 who was opposed by Mitra (lawful) and Set (chaotic).
 You were right-handed.
 You were in the Gnomish Mines, on level 9.
 You entered the dungeon 7797 turns ago.
 There was a new moon in effect when your adventure ended.
 You had 1878 experience points, 682 more were needed to attain level 9.

Basics:
 You had 0 out of 72 hit points.
 You had all 18 energy points (spell power).
 Your armor class was 1.
 Your wallet contained 844 zorkmids.
 Autopickup was off.

Final Characteristics:
 Your strength was 18/01 (limit:18/100).
 Your dexterity was 17 (peak:18, limit:18).
 Your constitution was 18 (limit:18).
 Your intelligence was 7 (limit:18).
 Your wisdom was 7 (limit:18).
 Your charisma was 6 (limit:18).

Final Status:
 You weren't hungry.
 You were burdened; movement was slightly slowed.
 You were wielding a two-handed sword.
 You had basic skill with two-handed sword and could have enhanced that.

Final Attributes:
 You were piously aligned.
 You were fire resistant.
 You were poison resistant.
 You were telepathic.
 You were invisible.
 You were stealthy.
 You were warded.
 You were fast.
 You had reflection.
 You are dead.

Miscellaneous:
 You didn't encounter any bones levels.
 Total elapsed playing time was 2 hours, 13 minutes and 28 seconds.

Major events:
 Turn
    1: Barrb the neutral female human Barbarian entered the dungeon
 1859: attained the rank of Pillager (level 3)
 1926: entered the Gnomish Mines
 3425: attained the rank of Bandit (level 6)
 4878: reached Mine Town
 7797: killed by a Grey-elf

You didn't know any spells.

Skills:
 Fighting Skills
   bare handed combat [Basic]
   two weapon combat  [Unskilled]
   riding             [Unskilled]
 Weapon Skills
   dagger             [Unskilled]
   axe                [Skilled]
   pick-axe           [Unskilled]
   short sword        [Unskilled]
   broadsword         [Unskilled]
   long sword         [Unskilled]
   two-handed sword   [Basic]
   saber              [Unskilled]
   club               [Unskilled]
   mace               [Unskilled]
   morning star       [Unskilled]
   flail              [Unskilled]
   hammer             [Unskilled]
   quarterstaff       [Unskilled]
   spear              [Unskilled]
   trident            [Unskilled]
   bow                [Unskilled]
 Spellcasting Skills
   attack spells      [Unskilled]
   escape spells      [Unskilled]

Voluntary challenges:
 Character rerolling was not enabled.
 You never genocided any monsters.
 You never polymorphed an object.
 You never changed form.
 You used no wishes.
Achievements:
 You attained the rank of Pillager.
 You entered the Gnomish Mines.
 You attained the rank of Bandit.
 You entered Minetown.
 You entered a shop.
 You entered a temple.

 The Dungeons of Doom: levels 1 to 6
    Level 1:
    Level 2:
       A sink.
    Level 3:
    Level 4:
       Stairs down to The Gnomish Mines.
    Level 5:
    Level 6:
 The Gnomish Mines: levels 5 to 9
    Level 5:
    Level 6:
    Level 7:
    Level 8:
       Many shops, a temple and an altar to Crom, some fountains.
    Level 9: <- You were here.
       Final resting place for
          you, killed by a Grey-elf.


Vanquished creatures:
  a ghost
  a pyrolisk
  2 tengu
  a human mummy
  2 ettin zombies
  2 watchmen
  2 chameleons
  a crocodile
  3 giant beetles
  a quivering blob
  2 leprechauns
  a giant spider
  a scorpion
  a vampire bat
  2 gnome rulers
 an orc mummy
  2 gold golems
  a snake
 an ape
  a Woodland-elf
  a bugbear
  a wood nymph
  a water nymph
  2 rock piercers
  a rock mole
  a pony
  3 fog clouds
  a violet fungus
 10 gnome leaders
  2 gnomish wizards
  4 elf zombies
  2 floating eyes
  8 dwarves
  2 homunculi
  a kobold leader
  a kobold shaman
 11 hill orcs
  2 rothes
  2 rabid rats
  a giant bat
  3 orc zombies
  5 dwarf zombies
  a werejackal
  3 iguanas
 an acid blob
  a coyote
  a gas spore
  3 hobbits
  2 hobgoblins
  6 giant rats
  a brown mold
 34 gnomes
  4 geckos
  3 jackals
  3 foxes
  2 kobolds
  2 goblins
  2 sewer rats
  7 grid bugs
  2 lichens
  3 kobold zombies
  4 newts
179 creatures vanquished.

No species were genocided or became extinct.

Game over:
                       ----------
                      /          \
                     /    REST    \
                    /      IN      \
                   /     PEACE      \
                  /                  \
                  |      Barrb       |
                  |      844 Au      |
                  |   killed by a    |
                  |     Grey-elf     |
                  |                  |
                  |                  |
                  |       2026       |
                 *|     *  *  *      | *
        _________)/\\_//(\/(/\)/\//\/|_)_______

Goodbye Barrb the Barbarian...

You died in The Gnomish Mines on dungeon level 9 with 8752 points,
and 844 pieces of gold, after 7797 moves.
You were level 8 with a maximum of 72 hit points when you died.

